 Dungeon Crawl Stone Soup version 0.29.1-2-gbd0b4ee654 (webtiles) character file.

Game seed: 13346712873525268030

180 concernfroge the Trooper (level 5, 0/46 HPs)
             Began as a Mummy Monk on Nov 14, 2022.
             Splashed by a jelly's acid (8 damage)
             ... on level 4 of the Dungeon.
             The game lasted 00:08:07 (3272 turns).

concernfroge the Trooper (Mummy Monk)               Turns: 3272, Time: 00:08:08

Health: 0/46       AC: -10   Str: 17    XL:     5   Next: 33%
Magic:  5/5        EV: 10    Int: 15    God:
Gold:   219        SH:  7    Dex: 14    Spells: 4/4 levels left

rFire   x . .      SeeInvis .   b - +0 trident
rCold   + . .      Faith    .   n - +0 kite shield
rNeg    + + +      Spirit   .   h - +3 leather armour
rPois   ∞          Reflect  .   (no helmet)
rElec   .          Harm     .   (no cloak)
rCorr   .          Rampage  .   (no gloves)
Will    .....                   (no boots)
Stlth   ++........              (no amulet)
HPRegen 0.15/turn               e - +6 ring of intelligence
MPRegen 0.09/turn               (no ring)

@: corroded
A: cold resistance 1, negative energy resistance 3, torment resistance 2, heat
vulnerability 1, in touch with death 1, no potions
a: no special abilities


You were on level 4 of the Dungeon.
You visited 1 branch of the dungeon, and saw 4 of its levels.

You collected 219 gold pieces.

Inventory:

Hand Weapons
 a - a +1 spear
 b - a +0 trident (weapon)
Missiles
 g - 5 javelins
 l - 11 poisoned darts (quivered)
Armour
 h - a +3 leather armour (worn)
 n - a +0 kite shield (worn)
Jewellery
 e - a +6 ring of intelligence (left hand)
Scrolls
 c - a scroll of silence {unknown}
 d - a scroll of teleportation
 f - 2 scrolls of enchant armour
 i - a scroll of magic mapping {unknown}
 j - a scroll of brand weapon {unknown}
 k - 4 scrolls of noise {unknown}
 m - a scroll of immolation {unknown}


   Skills:
 + Level 6.1 Fighting
 - Level 2.4 Polearms
 - Level 2.4 Dodging
 - Level 1.5 Stealth


You had 4 spell levels left.
You didn't know any spells.
Your spell library contained the following spells:

 Spells                   Type           Power      Damage    Failure   Level
 Shock                    Conj/Air       0%         1d3       77%         1
 Summon Small Mammal      Summ           0%         N/A       77%         1
 Call Canine Familiar     Summ           0%         N/A       98%         3
 Dazzling Flash           Conj/Hex       0%         N/A       98%         3
 Summon Guardian Golem    Hex/Summ       0%         N/A       98%         3
 Swiftness                Air            0%         N/A       98%         3
 Airstrike                Air            0%         2d(0-16)  100%        4
 Iskenderun's Mystic Bla  Conj/Tloc      0%         2d3       100%        4
 Starburst                Conj/Fire      0%         6d3       100%        6


Dungeon Overview and Level Annotations

Branches:
Dungeon (4/15)
 Temple: D:4-7

Altars:

Shops:
D:1 [


Innate Abilities, Weirdness & Mutations

You are immune to poison.
Your flesh is cold resistant. (rC+)
You are immune to negative energy. (rN+++)
You are immune to unholy pain and torment.
You are vulnerable to heat. (rF-)
You are in touch with the powers of death.
You do not drink.


Message History

You now have 219 gold pieces (gained 7).
You see here a scarf of harm.
Found 8 stones.
You see here 8 stones.
You see here 8 stones.
Found a glowing dark potion.
You see here an orange potion.
A jelly comes into view.
You reach to attack!
You barely miss the jelly. You puncture the jelly! The acid corrodes you!
Your hands burn!
The jelly is heavily wounded.
The jelly hits you. The acid corrodes you!
You are splashed with acid!
The jelly closely misses you.
You hit the jelly but do no damage.
Your hands burn!
The jelly is heavily wounded.
The jelly barely misses you.
You barely miss the jelly.
The jelly is heavily wounded.
You block the jelly's attack.
You hit the jelly but do no damage.
Your hands burn!
The jelly is heavily wounded.
You block the jelly's attack. The jelly barely misses you.
You hit the jelly but do no damage. The acid corrodes you!
Your hands burn!
The jelly is heavily wounded.
The jelly hits you. The acid corrodes you!
You are splashed with acid!
You are too injured to fight recklessly!
You are too injured to fight recklessly!
You are too injured to fight recklessly!
You are too injured to fight recklessly!
You puncture the jelly! The acid corrodes you!
Your hands burn!
* * * LOW HITPOINT WARNING * * *
The jelly is almost dead.
You block the jelly's attack.
You hit the jelly but do no damage.
Your hands burn!
* * * LOW HITPOINT WARNING * * *
The jelly is almost dead.
The jelly hits you.
* * * LOW HITPOINT WARNING * * *
The acid corrodes you!
You are splashed with acid!
You die...

..........# ###.....##
.#.######.# #........## #. .#.#
#.# #.#.......# .# #.# .#.# #.#
#.#.......# .###.## .#.# #.#
##.#.#.....# #.#..... .#.#
#.###)#..##....###.#.#.#. .#.#
#.##.###.###.#.##...so... .#.####
#...## ##......##..#.....
......#####..###@J.........o.....
##.##.........#.##.#..###.##..>..
#.########....###.#..# #.###...#
#.# ###.### #.#..###.# ##.## #.#
#.....###........# ## #.#
###............##### #.#
#.......######.# #.#
#.#.....######.#
#)#####.#............#


You could see a jelly.

Vanquished Creatures
  3 gnolls (D:3)
  8 adders
  3 worms
  4 orcs
  5 bats
  4 endoplasms
  3 giant cockroaches
  7 goblins
  5 hobgoblins
  3 quokkas
  6 ball pythons
  5 frilled lizards
  6 kobolds
  5 rats
67 creatures vanquished.

Notes
Turn   | Place    | Note
-------+----------+-------------------------------------------
     0 | D:1      | concernfroge the Mummy Monk began the quest for the Orb.
     0 | D:1      | Reached XP level 1. HP: 18/18 MP: 1/1
    29 | D:1      | Found Eniebeg's Armour Shop.
   280 | D:1      | Reached XP level 2. HP: 14/24 MP: 2/2
  1054 | D:2      | Reached skill level 4 in Fighting
  1190 | D:2      | Gained mutation: You are in touch with the powers of death.
                  | [Mummy growth]
  1190 | D:2      | Reached XP level 3. HP: 30/30 MP: 3/3
  1729 | D:2      | Reached skill level 5 in Fighting
  1729 | D:2      | Reached XP level 4. HP: 33/39 MP: 4/4
  1945 | D:3      | You fall into a shaft and drop 1 floor!
  2209 | D:4      | Noticed a scorpion
  2642 | D:3      | Reached XP level 5. HP: 38/46 MP: 5/5
  3046 | D:4      | Reached skill level 6 in Fighting
  3272 | D:4      | Splashed by a jelly's acid

Illustrated notes

Levels and vault maps discovered:
D:1:      minmay_arrival_wavy_path, layout_basic, serial_shops, shop,
          minmay_misc_feat_rows, minmay_pentomino_u4
D:2:      layout_basic, minmay_tripent
D:3:      layout_basic
D:4:      layout_loops_ring, lemuel_mausoleum_altar_kikubaaqudgha

Skill      XL: |  1  2  3  4  5 |
---------------+----------------+-----
Fighting       | 4 5 6 |  6.1
Polearms       | |  2.4
Dodging        | |  2.4
Stealth        | |  1.5

Action                   |  1- 3 |  4- 6 || total
-------------------------+-------+-------++-------
Melee: Spear             |   176 |    75 ||   251
       Trident           |       |    97 ||    97
  Use: Scroll            |       |     6 ||     6
 Stab: Sleeping          |     1 |     1 ||     2
       Distracted        |       |     1 ||     1
Armor: Ring mail         |    11 |       ||    11
       Leather armour    |    35 |    54 ||    89
Dodge: Dodged            |    83 |    74 ||   157
Block: Kite shield       |       |    17 ||    17
